 Dungeon Crawl Stone Soup version 0.31-a0-354-g827e0957a7 (webtiles) character file.

Game seed: 9500471288719383885

100801 Shard1697 the Brawler (level 15, -3/132 HPs)
             Began as a White Draconian Shapeshifter on July 24, 2023.
             Was the Champion of Okawaru.
             Killed from afar by Aizul (46 damage)
             ... with a bolt of poison
             ... on level 1 of the Snake Pit.
             The game lasted 00:49:32 (21631 turns).

Shard1697 the Brawler (DrSh)                       Turns: 21631, Time: 00:49:33

Health: -3/132     AC: 19    Str: 20    XL:     15   Next: 81%
Magic:  14/20      EV: 27    Int:  5    God:    Okawaru [******]
Gold:   1389       SH: 31    Dex: 21    Spells: 14/14 levels left

rFire   + +          .
                       - Unarmed
rCold   + . .        Y - +10 tower shield of Ignorance {rN+ Int-4}
rNeg    + . .        (body armour unavailable)
rPois   .            W - +3 hat of the Iron City of Dis {+Inv Regen+ Slay+3}
rElec   .            a - +2 cloak {Will+}
rCorr   .            e - +2 pair of gloves {Dex+3}
SInv    .            I - +0 pair of boots of Hilouq {rF++}
Will    ++...        o - amulet of faith
Stlth   +++          l - +4 ring of slaying
HPRegen 1.22/turn    D - ring of Happiness {EV+5 Dex+2}
MPRegen 0.17/turn

%: faith
@: lethally poisoned (-3 -> -42), maw-form, heroic, finesse-ful
A: devouring maw, breathe frost, AC +9, unfitting armour, cold resistance 1,
cold-blooded
a: Breathe Frost, Begin Untransformation, Renounce Religion, Evoke Invisibility,
Heroism, Finesse, Duel


You were on level 1 of the Snake Pit.
You worshipped Okawaru.
Okawaru was exalted by your worship.
You were a creature with a mouth for a stomach.
You visited 5 branches of the dungeon, and saw 24 of its levels.
You also visited: Ossuary, Bailey and Gauntlet.

You collected 2689 gold pieces.
You spent 1300 gold pieces at shops.

Inventory:

Missiles
 u - 2 silver javelins
 P - 3 throwing nets
Armour
 a - a +2 cloak of willpower (worn)
 e - a +2 pair of gloves of dexterity (worn)
 H - the +3 pair of boots "Gakhoi" {-Cast Harm *Slow Dex+6}
   (Okawaru gifted it to you on level 2 of the Lair of Beasts)

   Dex:       It affects your dexterity (+6).
   -Cast:     It prevents spellcasting.
   *Slow:     It may slow you when you take damage.
   Harm:      It increases damage dealt and taken.
 I - the +0 pair of boots of Hilouq (worn) {rF++}
   (Okawaru gifted it to you on level 1 of the Orcish Mines)

   rF:        It greatly protects you from fire.
 M - the +4 kite shield of Quantum Leap {Will+ Str+5}
   (Okawaru gifted it to you on level 4 of the Lair of Beasts)

   Str:       It affects your strength (+5).
   Will:      It increases your willpower.
 S - the +2 kite shield "Zoexim" {rElec rF+}
   (Okawaru gifted it to you on level 5 of the Lair of Beasts)

   rF:        It protects you from fire.
   rElec:     It insulates you from electricity.
 W - the +3 hat of the Iron City of Dis (worn) {+Inv Regen+ Slay+3}
   (Okawaru gifted it to you on level 15 of the Dungeon)

   Slay:      It affects your accuracy & damage with ranged weapons and melee
   (+3).
   +Inv:      It lets you turn invisible.
   Regen:     It increases your rate of health regeneration.
 Y - the +10 tower shield of Ignorance (worn) {rN+ Int-4}
   (You bought it in a shop on level 2 of the Orcish Mines)

   Int:       It affects your intelligence (-4).
   rN:        It protects you from negative energy.
Jewellery
 b - a +4 ring of protection
 l - a +4 ring of slaying (left hand)
 o - an amulet of faith (around neck)
 B - a ring of see invisible
 D - the ring of Happiness (right hand) {EV+5 Dex+2}
   (You found it in a Gauntlet)

   [ring of evasion]

   EV:        It affects your evasion (+5).
   Dex:       It affects your dexterity (+2).
 E - a ring of resist corrosion
 F - a ring of poison resistance
 O - an amulet of reflection
Talismans
 q - a maw talisman
 y - a blade talisman
 U - a granite talisman
Wands
 j - a wand of roots (25)
 z - a wand of acid (20)
 G - a wand of flame (14)
 L - a wand of polymorph (4)
 N - a wand of digging (2)
Scrolls
 f - 4 scrolls of fear
 h - 9 scrolls of teleportation
 k - 4 scrolls of blinking
 n - 4 scrolls of revelation
 s - 6 scrolls of amnesia
 C - 16 scrolls of identify
 R - a scroll of fog
 V - a scroll of enchant armour
Potions
 c - a potion of resistance
 d - 7 potions of might
 g - 2 potions of magic
 m - 10 potions of mutation
 t - 4 potions of cancellation
 v - 3 potions of attraction
 w - 9 potions of enlightenment
 x - a potion of haste
 J - 2 potions of ambrosia
 K - a potion of heal wounds
 Q - a potion of invisibility
 T - a potion of berserk rage
 X - a potion of curing
Miscellaneous
 A - a condenser vane


   Skills:
 + Level 11.9(16.9) Fighting
 - Level 10.0(15.0) Dodging
 + Level 11.1(16.1) Shields
 + Level 15.6(20.6) Unarmed Combat
 - Level 7.5 Invocations
 + Level 10.3 Evocations
 - Level 9.7 Shapeshifting


You had 14 spell levels left.
You didn't know any spells.
Your spell library contained the following spells:

 Spells                   Type           Power      Damage    Failure   Level
 Lesser Beckoning         Tloc           0%         N/A       90%         2
 Scorch                   Fire           0%         2d5       90%         2
 Wereblood                Tmut           0%         N/A       90%         2
 Gell's Gravitas          Tloc           0%         N/A       99%         3
 Stone Arrow              Conj/Erth      0%         3d7       99%         3
 Teleport Other           Tloc           0%         N/A       99%         3
 Flame Wave               Conj/Fire      0%         2d4       100%        4
 Irradiate                Conj/Tmut      0%         3d11      100%        5
 Conjure Ball Lightning   Conj/Air       0%         3x3d6     100%        6
 Borgnjor's Revivificati  Necr           0%         N/A       100%        8
 Discord                  Hex            0%         N/A       100%        8
 Disjunction              Tloc           0%         N/A       100%        8
 Lehudib's Crystal Spear  Conj/Erth      0%         10d2      100%        8
 Death's Door             Necr           0%         N/A       100%        9
 Animate Armour           Summ/Erth      Unusable   N/A       N/A         4
 Summon Cactus Giant      Summ           Unusable   N/A       N/A         6
 Haunt                    Necr/Summ      Unusable   N/A       N/A         7

Dungeon Overview and Level Annotations

Branches:
Dungeon (15/15)            Temple (1/1) D:6            Lair (5/5) D:8
  Snake (1/4) Lair:3        Slime (0/5) Lair:4          Orc (2/2) D:9
    Elf (0/3) Orc:2        Vaults (0/5) D:13         Depths (0/4) D:15
Ossuary (visited)          Bailey (visited)         Gauntlet (visited)
  Swamp: Lair:2-3    Shoals: Lair:2-3

Altars:
Ashenzari
Cheibriados
Dithmenos
Elyvilon
Fedhas
Gozag
Hepliaklqana
Kikubaaqudgha
Makhleb
Nemelex Xobeh
Okawaru
Qazlal
Ru
Sif Muna
Trog
Vehumet
Wu Jian
Xom
Yredelemnul
Zin
The Shining One
Jiyva

Shops:
D:5 *   D:7 *   D:13 ?   Orc:2 (([=(   Snake:1 [[[

Portals:
Trove: D:12 (give 2 scrolls of acquirement)

Annotations:
Snake:1 Aizul


Innate Abilities, Weirdness & Mutations

You are a creature with a mouth for a stomach.
Your midsection houses a second, enormous mouth.
You can breathe waves of freezing cold which knock back foes.
Your icy white scales are hard. (AC +9)
You cannot fit into any form of body armour.
Your flesh is cold resistant. (rC+)
You are cold-blooded and may be slowed by cold attacks.


Message History

Aizul hits you!
You wake up.
You block Aizul's attack.
You can now deal lightning-fast blows.
You feel very sick. Aizul casts a spell at you. The bolt of poison misses you.
You hit Aizul but do no damage. You tail-slap Aizul, but do no damage.
Your bite misses Aizul.
Aizul is moderately wounded.
You feel sick.
Aizul coils herself and waves her upper body at you.
The bolt of poison hits you.
You are more poisoned.
You barely miss Aizul.
Your tail-slap misses Aizul.
Your bite misses Aizul.
Aizul is moderately wounded.
You feel sick.
You feel much better.
You feel extremely sick. You block Aizul's attack.
Aizul coils herself and waves her upper body at you.
The bolt of poison misses you.
Okay, then.
You pummel Aizul!!
Aizul is heavily wounded.
You feel sick.
You barely miss Aizul.
Aizul is heavily wounded.
You feel sick. Aizul casts a spell at you. The bolt of poison hits you!!
You are more poisoned.
You miss Aizul. You tail-slap Aizul. Your bite misses Aizul.
Aizul is heavily wounded.
You feel sick.
You miss Aizul. You tail-slap Aizul! You bite Aizul!
Aizul is severely wounded.
You feel very sick. Aizul casts a spell at you. The bolt of poison hits you!!!
You are more poisoned.
You die...

### #.# #.# #.#
+########## #.# #####
..........####.#####....
......SW...##......'....
..!..?.~P...'......'....
......♣~~~~##..#####....
.......~~~.##### ##...
.........### ##..
........## ##. ###+#####
## #


You could see Aizul.

Vanquished Creatures
  Agnes (Snake:1)
  A fire giant (D:15)
  An ironbound preserver (D:13)
  A minotaur (Gauntlet)
  Josephine (Orc:2)
  A hell beast (Gauntlet)
  7 hydras
  An anaconda (Snake:1)
  An ogre mage (D:15)
  A death knight (D:15)
  11 two-headed ogres
  6 centaur warriors
  2 boulder beetles
  13 death yaks
  A merfolk avatar (Lair:5)
  2 orc high priests (Orc:2)
  A naga sharpshooter (Snake:1)
  3 shock serpents (Snake:1)
  2 tengu warriors
  Nergalle (Lair:2)
  Urug (Lair:2)
  A wretched star (Gauntlet)
  A skeletal warrior (D:15)
  2 skysharks
  A naga ritualist (Snake:1)
  A wizard (D:15)
  A harpy (Lair:5)
  2 mana vipers (Snake:1)
  4 lindwurms (Lair:2)
  2 deep elf pyromancers
  5 orc sorcerers
  An orc knight (Orc:1)
  9 ugly things
  A cyclops (Orc:1)
  3 manticores
  2 salamanders (Snake:1)
  17 elephants
  An ice statue (D:13)
  5 black mambas
  A torpor snail (Lair:1)
  A naga mage (Snake:1)
  6 gargoyles
  13 cane toads
  A freezing wraith (D:15)
  An unseen horror (D:11)
  4 rime drakes (Lair:5)
  2 tengu conjurers
  11 komodo dragons
  3 meliai (D:15)
  6 trolls
  5 polar bears
  A wind drake (Lair:5)
  A hornet (D:9)
  A raiju (Lair:3)
  5 dream sheep (Lair:5)
  15 blink frogs
  2 snapping turtles (Lair:5)
  A slime creature (D:13)
  A centaur simulacrum (D:12)
  Sigmund (D:2)
  2 shadows (D:10)
  39 yaks
  8 wraiths
  A vampire (D:12)
  A water elemental (D:12)
  10 wyverns
  Eustachio (D:6)
  Grum (D:11)
  4 basilisks
  2 vampire mosquitoes (D:11)
  2 neqoxecs (Gauntlet)
  2 steam dragons (Lair:5)
  Edmund (D:3)
  6 nagas
  A hell hound (Gauntlet)
  A warg (Orc:2)
  5 acid dragons
  6 water moccasins
  A sky beast (D:7)
  23 orc warriors
  4 ice beasts
  4 black bears
  15 wolves
  8 ogres
  17 centaurs
  2 elf zombies (Ossuary)
  A kobold brigand (D:8)
  14 bullfrogs
  A gnoll sergeant (D:6)
  3 scorpions
  3 wights (D:8)
  26 killer bees
  7 electric eels
  A howler monkey (D:8)
  2 hounds
  Crazy Yiuf (D:4)
  25 orc priests
  2 gnoll boudas (D:8)
  A jelly (D:4)
  A sleepcap (D:6)
  A human zombie (Ossuary)
  Natasha (D:2)
  3 iguanas
  30 orc wizards
  4 hell rats (Lair:4)
  4 mummies (Ossuary)
  13 gnolls
  3 adders
  A shadow imp (D:5)
  4 white imps
  2 ufetubi (D:6)
  3 adder zombies (Ossuary)
  4 worms
  4 dart slugs
  70 orcs
  6 bats
  6 endoplasms
  A giant cockroach (D:1)
  A gnoll zombie (Ossuary)
  11 goblins
  4 hobgoblins
  2 jackals (D:4)
  6 ball pythons
  3 frilled lizards
  3 goblin zombies
  A jackal zombie (Ossuary)
  15 kobolds
  4 rats
  2 rat zombies (Ossuary)
667 creatures vanquished.

Vanquished Creatures (others)
  An orc wizard (Orc:2)
  An orc (Orc:2)
2 creatures vanquished.

Grand Total: 669 creatures vanquished

Notes
Turn   | Place    | Note
-------+----------+-------------------------------------------
     0 | D:1      | Shard1697 the Draconian Shapeshifter began the quest for
                  | the Orb.
     0 | D:1      | Reached XP level 1. HP: 16/16 MP: 1/1
   451 | D:1      | Reached XP level 2. HP: 22/23 MP: 2/2
   698 | D:1      | Reached skill level 4 in Unarmed Combat
   863 | D:2      | Noticed Sigmund
   872 | D:2      | Killed Sigmund
   873 | D:2      | Reached skill level 6 in Unarmed Combat
   873 | D:2      | Reached XP level 3. HP: 28/28 MP: 3/3
   873 | D:2      | Reached XP level 4. HP: 35/35 MP: 4/4
   873 | D:2      | Reached XP level 5. HP: 40/40 MP: 5/5
  1167 | D:2      | Identified the ring of Ypoko {Fire Str+3}
  1365 | D:2      | Noticed Natasha
  1369 | D:2      | Killed Natasha
  1861 | D:3      | Reached XP level 6. HP: 47/47 MP: 6/6
  1943 | D:3      | Reached skill level 7 in Unarmed Combat
  2104 | D:3      | Found a faded altar of an unknown god.
  2229 | D:3      | You fall into a shaft and drop 1 floor!
  2495 | D:4      | Noticed an orc warrior
  2902 | D:4      | Noticed Edmund
  3186 | D:3      | Killed Edmund
  3187 | D:3      | Your scales start taking on an icy white colour.
  3187 | D:3      | Reached XP level 7. HP: 21/52 MP: 7/7
  3187 | D:3      | Gained mutation: Your flesh is cold resistant. (rC+) [White
                  | Draconian growth]
  3475 | D:4      | Found a runed translucent door.
  3476 | D:4      | Noticed Crazy Yiuf
  3484 | D:4      | Killed Crazy Yiuf
  3638 | D:5      | Entered Level 5 of the Dungeon
  3650 | D:4      | Reached skill level 5 in Shapeshifting
  4052 | D:5      | Reached XP level 8. HP: 57/59 MP: 8/8
  4229 | D:5      | Found Bin Muan's Assorted Antiques.
  4321 | D:5      | Bought a scroll of revelation for 165 gold pieces
  4321 | D:5      | Bought a scroll of teleportation for 66 gold pieces
  4470 | D:6      | Noticed Eustachio
  4502 | D:6      | Killed Eustachio
  4581 | D:6      | Found a sand-covered staircase.
  4636 | Ossuary  | Entered an ossuary
  5422 | D:6      | Found a staircase to the Ecumenical Temple.
  5429 | Temple   | Entered the Ecumenical Temple
  5442 | Temple   | Became a worshipper of Warmaster Okawaru
  5483 | D:6      | Reached XP level 9. HP: 62/64 MP: 9/9
  6051 | D:7      | Reached * piety under Okawaru
  6052 | D:7      | Reached skill level 1 in Invocations
  6096 | D:7      | Found Ykhleull's Gadget Gallery.
  6495 | D:7      | Reached skill level 8 in Unarmed Combat
  6674 | D:7      | Noticed a gargoyle
  6679 | D:7      | HP: 2/69 [gargoyle/+0 flail (19)]
  6683 | D:7      | Killed a gargoyle
  6829 | D:7      | Noticed a gargoyle
  6834 | D:7      | Killed a gargoyle
  6834 | D:7      | Reached ** piety under Okawaru
  6852 | D:7      | Noticed a gargoyle
  6857 | D:7      | Killed a gargoyle
  6858 | D:7      | Reached skill level 5 in Fighting
  6869 | D:7      | Noticed a gargoyle
  6873 | D:7      | Killed a gargoyle
  6874 | D:7      | Reached skill level 9 in Unarmed Combat
  6998 | D:8      | Reached XP level 10. HP: 80/81 MP: 12/12
  7005 | D:8      | Found a staircase to the Lair.
  7230 | D:8      | Noticed a two-headed ogre
  7277 | D:8      | Killed a two-headed ogre
  7277 | D:8      | Reached *** piety under Okawaru
  8194 | D:9      | Found a staircase to the Orcish Mines.
  8214 | D:9      | Reached **** piety under Okawaru
  8215 | D:9      | Reached skill level 10 in Unarmed Combat
  8215 | D:9      | Reached skill level 5 in Invocations
  8556 | D:9      | Noticed a two-headed ogre
  8570 | D:9      | Killed a two-headed ogre
  8617 | D:9      | Noticed a two-headed ogre
  8631 | D:9      | Killed a two-headed ogre
  8632 | D:9      | Reached XP level 11. HP: 95/95 MP: 15/15
  8646 | D:9      | Reached ***** piety under Okawaru
  8719 | D:9      | Found a shimmering blue altar of Sif Muna.
  8905 | D:10     | Entered Level 10 of the Dungeon
  8905 | D:10     | Found a flagged portal.
  8912 | Bailey   | Entered a bailey
  9231 | D:10     | Reached skill level 11 in Unarmed Combat
  9404 | D:10     | Found a snail-covered altar of Cheibriados.
  9807 | D:11     | Noticed Grum
  9821 | D:11     | Killed Grum
  9830 | D:11     | Identified the +0 acid dragon scales "Giqic" {Will+ Regen+
                  | rCorr Dex-3}
  9856 | D:11     | Found a gate leading to a gauntlet.
  9876 | Gauntlet | Entered a Gauntlet
  9876 | Gauntlet | Found a transporter.
  9880 | Gauntlet | Noticed a fire crab
  9882 | Gauntlet | Noticed a wretched star
  9885 | Gauntlet | Found a transporter.
  9904 | Gauntlet | Found a transporter.
  9905 | Gauntlet | Found a transporter.
  9907 | Gauntlet | Noticed a hell beast
  9925 | Gauntlet | Found a transporter.
  9938 | Gauntlet | Found a transporter.
  9938 | Gauntlet | Noticed a catoblepas
  9943 | Gauntlet | Found a transporter.
  9947 | Gauntlet | Found a transporter.
  9970 | Gauntlet | Found a transporter.
  9988 | Gauntlet | Found a transporter.
  9992 | Gauntlet | Found a transporter.
  9994 | Gauntlet | Found a runed translucent gate.
  9994 | Gauntlet | Found a runed translucent gate.
  9994 | Gauntlet | Found a runed translucent gate.
  9994 | Gauntlet | Noticed an orange crystal statue
 10000 | Gauntlet | Found a transporter.
 10089 | Gauntlet | Killed a wretched star
 10089 | Gauntlet | Received a gift from Okawaru
 10100 | Gauntlet | Identified the ring of Happiness {EV+5 Dex+2}
 10138 | Gauntlet | Killed a hell beast
 10322 | Gauntlet | Noticed a minotaur
 10330 | Gauntlet | Killed a minotaur
 10331 | Gauntlet | Reached skill level 10 in Fighting
 10670 | D:11     | Noticed a two-headed ogre
 10678 | D:11     | Killed a two-headed ogre
 10679 | D:11     | Reached skill level 12 in Unarmed Combat
 10679 | D:11     | Reached skill level 1 in Evocations
 10736 | D:11     | Noticed a two-headed ogre
 10746 | D:11     | Killed a two-headed ogre
 11161 | Orc:1    | Entered Level 1 of the Orcish Mines
 11220 | Orc:1    | Found an iron altar of Okawaru.
 11225 | Orc:1    | Noticed an orc sorcerer
 11240 | Orc:1    | Killed an orc sorcerer
 11240 | Orc:1    | Identified the +0 pair of boots of Hilouq {rF++} (Okawaru
                  | gifted it to you on level 1 of the Orcish Mines)
 11240 | Orc:1    | Received a gift from Okawaru
 11264 | Orc:1    | Reached XP level 12. HP: 92/106 MP: 17/17
 11650 | Orc:2    | Entered Level 2 of the Orcish Mines
 11651 | Orc:2    | Noticed an orc high priest
 11724 | Orc:2    | Noticed a two-headed ogre
 11977 | Orc:1    | Killed a two-headed ogre
 12005 | Orc:2    | Noticed an orc high priest
 12012 | Orc:2    | Reached skill level 5 in Dodging
 12042 | Orc:2    | Found Tiuddid's Jewellery Emporium.
 12234 | Lair:1   | Entered Level 1 of the Lair of Beasts
 12276 | Lair:1   | Reached skill level 13 in Unarmed Combat
 12559 | Lair:1   | Reached ****** piety under Okawaru
 12748 | Lair:1   | Found an ornate altar of the Wu Jian Council.
 13068 | Lair:2   | Reached skill level 5 in Evocations
 13086 | Lair:2   | Noticed a six-headed hydra
 13105 | Lair:2   | Identified the +4 demon blade of the Lurker {freeze, rF+
                  | Will++} (Okawaru gifted it to you on level 2 of the Lair of
                  | Beasts)
 13105 | Lair:2   | Received a gift from Okawaru
 13106 | Lair:2   | Reached XP level 13. HP: 113/113 MP: 10/18
 13110 | Lair:2   | Reached skill level 14 in Unarmed Combat
 13246 | Lair:2   | Noticed Nergalle
 13254 | Lair:2   | Killed Nergalle
 13434 | Lair:2   | Identified the +3 pair of boots "Gakhoi" {-Cast Harm *Slow
                  | Dex+6} (Okawaru gifted it to you on level 2 of the Lair of
                  | Beasts)
 13434 | Lair:2   | Received a gift from Okawaru
 13812 | Lair:2   | Noticed Urug
 13826 | Lair:2   | Killed Urug
 14324 | Lair:3   | Found a staircase to the Snake Pit.
 14328 | Lair:3   | Reached skill level 15 in Unarmed Combat
 14409 | Lair:3   | Found a white marble altar of Elyvilon.
 14578 | Lair:3   | Received a gift from Okawaru
 14754 | Lair:3   | Noticed Sonja
 14755 | Lair:3   | Sonja changed into Sonja the raiju
 14755 | Lair:3   | Noticed Sonja
 14761 | Lair:3   | Killed Sonja the raiju
 14801 | Lair:3   | You fall into a shaft and drop 1 floor!
 15044 | Lair:4   | Identified the +4 kite shield of Quantum Leap {Will+ Str+5}
                  | (Okawaru gifted it to you on level 4 of the Lair of Beasts)
 15044 | Lair:4   | Received a gift from Okawaru
 15045 | Lair:4   | Reached XP level 14. HP: 121/121 MP: 19/19
 15124 | Lair:4   | Reached skill level 1 in Shields
 15139 | Lair:4   | Reached skill level 10 in Dodging
 15580 | Lair:4   | Found a viscous altar of Jiyva.
 15580 | Lair:4   | Found a staircase to the Slime Pits.
 15850 | Lair:5   | Entered Level 5 of the Lair of Beasts
 16163 | Lair:5   | Reached skill level 5 in Shields
 16240 | Lair:5   | Received a gift from Okawaru
 16732 | Lair:5   | Identified the +2 kite shield "Zoexim" {rElec rF+} (Okawaru
                  | gifted it to you on level 5 of the Lair of Beasts)
 16732 | Lair:5   | Received a gift from Okawaru
 17525 | D:12     | Found a portal to a secret trove of treasure.
 18383 | D:13     | Found Veithuf's Magic Scroll Boutique.
 18386 | D:13     | Bought a scroll of enchant armour for 105 gold pieces
 18386 | D:13     | Bought a scroll of revelation for 105 gold pieces
 18591 | D:13     | Noticed an ironbound preserver
 18605 | D:13     | Reached XP level 15. HP: 98/126 MP: 20/20
 18612 | D:13     | Found a gate to the Vaults.
 18620 | D:13     | Reached skill level 10 in Evocations
 19007 | D:14     | Identified the +5 pair of gloves "Imouh" {-Tele Str+6}
                  | (Okawaru gifted it to you on level 14 of the Dungeon)
 19007 | D:14     | Received a gift from Okawaru
 19504 | D:15     | Entered Level 15 of the Dungeon
 19531 | D:15     | Reached skill level 10 in Shields
 19819 | D:15     | Found a staircase to the Depths.
 19819 | D:15     | Noticed a fire giant
 19829 | D:15     | Killed a fire giant
 19971 | D:15     | Identified the +3 hat of the Iron City of Dis {+Inv Regen+
                  | Slay+3} (Okawaru gifted it to you on level 15 of the
                  | Dungeon)
 19971 | D:15     | Received a gift from Okawaru
 20671 | Orc:2    | Noticed Josephine
 20681 | Orc:2    | Killed Josephine
 20771 | Orc:2    | Found Pewu Soa's Weapon Boutique.
 20776 | Orc:2    | Found Gegihuec's Antique Weapon Shop.
 20796 | Orc:2    | Found Cemos's Armour Shop.
 20800 | Orc:2    | Found Nyurph's Weapon Boutique.
 20887 | Orc:2    | Bought the +10 tower shield of Ignorance {rN+ Int-4} for
                  | 859 gold pieces
 20887 | Orc:2    | Found the +10 tower shield of Ignorance {rN+ Int-4}
 21021 | Orc:2    | Found a staircase to the Elven Halls.
 21308 | Snake:1  | Entered Level 1 of the Snake Pit
 21398 | Snake:1  | Found Xeckus's Armour Boutique.
 21401 | Snake:1  | Found Zoq Ciel's Antique Armour Shop.
 21404 | Snake:1  | Found Soalodal's Armour Boutique.
 21433 | Snake:1  | Noticed Agnes
 21449 | Snake:1  | Killed Agnes
 21617 | Snake:1  | Noticed Aizul
 21631 | Snake:1  | Killed from afar by Aizul

Illustrated notes

Levels and vault maps discovered:
D:1:      minmay_arrival_four_circles, layout_basic, minmay_misc_feat_alley
D:2:      layout_loops_ring, serial_rivers, chequers_serial_rivers_micro_a,
          chequers_serial_rivers_micro_b, chequers_serial_rivers_small_b,
          chequers_serial_rivers_large_a, uniq_sigmund, uniq_natasha
D:3:      layout_basic, hellmonk_ecumenical_altar_zigzags
D:4:      layout_rooms, minivault_5, uniq_edmund, uniq_crazy_yiuf_cottage
D:5:      layout_basic, serial_shops, shop, minmay_tree_intersection
D:6:      layout_basic, minmay_temple_entry_butterflies, enter_ossuary_3,
          uniq_eustachio
D:7:      cheibrodos_statue_roulette, layout_loops_ring,
          nicolae_uskayaw_suspiria, nicolae_shop_gadgets
D:8:      layout_basic, lair_entry_dummy, minmay_quadrilaterals
D:9:      layout_roguey, led_sif_pool, orc_0_dummy
D:10:     layout_basic, kennysheep_slug_shrine, enter_bailey_1
D:11:     layout_roguey, gauntlet_entry_generic, uniq_grum
D:12:     layout_basic, serial_ice, serial_ice_o, serial_ice_b, serial_ice_l,
          serial_ice_f, enter_trove_3, grunt_decor_cap, kennysheep_boxes
D:13:     lemuel_ice_statue, layout_irregular_city,
          skrybe_vaults_entry_preservation, serial_shops, kennysheep_mini_moat
D:14:     layout_loops_ring, chequers_serial_rivers_micro_e
D:15:     grunt_enter_depths_giant_problem, layout_cave_pods, minivault_14,
          serial_column_ruins, column_ruins_grid_1, column_ruins_open_small,
          column_ruins_columns_dead_end, column_ruins_grid_1,
          column_ruins_open_large, minmay_misc_feat_pillars
Temple:   nicolae_temple_bog_church
Lair:1:   layout_chaotic_city, basic_altar
Lair:2:   layout_chaotic_city, minmay_lindwurm_lava, serial_bayou_shore_a,
          serial_bayou_shore_b, infiniplex_staircase_pool, uniq_nergalle,
          uniq_urug
Lair:3:   layout_long_grid, palyth_hydra_swamp_entry,
          nicolae_snake_entry_squirm, basic_altar, grunt_megastairs_5,
          infiniplex_staircase_pool_2, serial_bayou_shore_b, uniq_sonja
Lair:4:   layout_regular_city, dpeg_slime_entry_enclosed
Lair:5:   gammafunk_lair_ancient_temple, layout_regular_city
Snake:1:  layout_gridlike, serial_bayou_pond_e, grunt_megastairs_3,
          minmay_shop_star, uniq_agnes, uniq_frances, uniq_aizul
Orc:1:    layout_caves, okawaru_metal_pillars_3
Orc:2:    st_orc_mages, layout_caves, basic_altar, serial_shops, shop,
          uniq_josephine

Skill      XL: |  1  2  3  4  5  6  7  8  9 10 11 12 13 14 15 |
---------------+----------------------------------------------+-----
Unarmed Combat | 6 7 9 10 12 13 15 | 15.6
Shapeshifting  | 4 6 8 9 |  9.7
Fighting       | 5 8 10 11 | 11.9
Invocations    | 3 5 7 |  7.5
Dodging        | 3 7 9 10 | 10.0
Evocations     | 2 5 7 9 10 | 10.3
Shields        | 9 11 | 11.1

Action                     |  1- 3 |  4- 6 |  7- 9 | 10-12 | 13-15 || total
---------------------------+-------+-------+-------+-------+-------++-------
  Melee: Unarmed           |    47 |   129 |   222 |   563 |   863 ||  1824
         Tailslap          |     3 |    17 |    31 |    88 |   194 ||   333
         Punch             |     3 |     4 |    13 |    53 |    31 ||   104
         Maw               |       |       |    12 |   134 |   252 ||   398
 Invoke: Heroism           |       |       |     3 |    10 |     8 ||    21
         Finesse           |       |       |       |     3 |     2 ||     5
Ability: Breathe Frost     |       |       |    12 |    11 |       ||    23
  Evoke: Wand              |       |       |       |       |     6 ||     6
    Use: Potion            |     1 |     2 |     2 |     5 |     6 ||    16
         Scroll            |       |    13 |     7 |     6 |     4 ||    30
   Stab: Sleeping          |       |     4 |       |       |     4 ||     8
         Invisible         |       |       |       |     2 |       ||     2
 Armour: Skin              |    13 |    26 |    62 |   226 |   177 ||   504
  Dodge: Dodged            |    23 |    73 |   108 |   538 |   622 ||  1364
  Block: Kite shield       |       |       |       |       |   414 ||   414
         Tower shield      |       |       |       |       |    48 ||    48
   Form: Maw               |       |       |     1 |       |       ||     1

Table legend: (Time is in decaauts)
 A = Elapsed time spent in this place.
 B = Non-inter-level travel time spent in this place.
 C = Inter-level travel time spent in this place.
 D = Time resting spent in this place.
 E = Time spent auto-exploring this place.
 F = Levels seen in this place.
 G = Mean time per level.
                   A        B        C        D        E       F      G
               +--------+--------+--------+--------+--------+-----+--------+
         Total |  21321 |  20284 |   1037 |   1748 |  13698 |  27 |  789.7 |
       Dungeon |  13539 |  12851 |    688 |    786 |   9515 |  15 |  902.6 |
        Temple |     35 |     16 |     19 |      0 |      0 |   1 |   35.0 |
          Lair |   4694 |   4473 |    221 |    265 |   3010 |   5 |  938.8 |
     Snake Pit |    294 |    294 |      0 |      0 |    183 |   1 |  294.0 |
  Orcish Mines |   1555 |   1448 |    107 |    286 |    743 |   2 |  777.5 |
       Ossuary |    351 |    351 |      0 |    144 |     98 |   1 |  351.0 |
        Bailey |    289 |    289 |      0 |      0 |     71 |   1 |  289.0 |
      Gauntlet |    562 |    562 |      0 |    266 |     77 |   1 |  562.0 |
               +--------+--------+--------+--------+--------+-----+--------+

Top non-repeatable levels by time:
  Lair:2: 1238 daAuts
     D:8: 1219 daAuts
     D:3: 1149 daAuts
    D:12: 1148 daAuts
  Lair:5: 1076 daAuts
     D:6: 1062 daAuts
  Lair:4: 1035 daAuts
    D:15: 1028 daAuts
     D:7: 1021 daAuts
   Orc:1: 955 daAuts
     D:2: 954 daAuts
     D:1: 860 daAuts
     D:9: 832 daAuts
    D:11: 803 daAuts
     D:4: 771 daAuts
